 Dungeon Crawl Stone Soup version 0.25.1-2-g60ff931df9 (webtiles) character file.

Game seed: 8875128140906543071

1048 lepoulpe303 the Skirmisher (level 8, -1/70 (71) HPs)
             Began as a Yellow Draconian Fighter on Oct 9, 2020.
             Was a Priest of Uskayaw.
             Slain by an orc priest
             ... wielding a +0 club
              (5 damage)
             ... on level 5 of the Dungeon.
             The game lasted 00:11:12 (5900 turns).

lepoulpe303 the Skirmisher (DrFi)                   Turns: 5900, Time: 00:11:13

HP:   -1/70 (71)    AC:  6    Str: 20    XL:     8   Next: 5%
MP:   9/10          EV: 12    Int:  8    God:    Uskayaw [***...]
Gold: 171           SH: 10    Dex: 12    Spells: 7/7 levels left

rFire    . . .     SeeInvis .   a - +0 long sword
rCold    . . .     Gourm    .   b - +0 kite shield
rNeg     . . .     Faith    .   (armour unavailable)
rPois    .         Spirit   .   (helmet restricted)
rElec    .         Reflect  .   (no cloak)
rCorr    +         Harm     .   (no gloves)
MR       .....                  (no boots)
Stlth    +.........             (no amulet)
HPRegen  0.21/turn              (no ring)
MPRegen  0.12/turn              (no ring)

@: no status effects
A: spit acid, unfitting armour, cold-blooded, acid resistance, AC +6
a: Breathe Acid, Stomp, Line Pass, Renounce Religion


You were on level 5 of the Dungeon.
You worshipped Uskayaw.
Uskayaw was noncommittal.
You were not hungry.

You visited 1 branch of the dungeon, and saw 5 of its levels.

You collected 171 gold pieces.

Inventory:

Hand Weapons
 a - a +0 long sword (weapon)
Missiles
 n - a throwing net {=f}
Armour
 b - a +0 kite shield (worn)
Jewellery
 l - an uncursed ring of ice {unknown}
 p - an uncursed amulet of magic regeneration {unknown}
 q - an uncursed amulet of the acrobat {unknown}
Wands
 f - a wand of polymorph (17)
Scrolls
 c - a scroll of enchant armour {unknown}
 i - 2 scrolls of random uselessness {unknown}
 m - 5 scrolls of identify {unknown}
 t - 3 scrolls of teleportation
 w - 6 scrolls of remove curse
Potions
 d - 3 potions of might
 g - a potion of haste {unknown}
 h - 2 potions of lignification {unknown}
 j - 4 potions of curing {unknown}
 k - a potion of stabbing {unknown}
 o - 2 potions of heal wounds {unknown}
 r - a potion of mutation {unknown}
Comestibles
 e - 4 rations


   Skills:
 * Level 6.5 Fighting
 * Level 5.4 Long Blades
 + Level 4.2 Dodging
 + Level 4.6 Shields
 + Level 2.7 Invocations


You had 7 spell levels left.
You didn't know any spells.
Your spell library was empty.

Dungeon Overview and Level Annotations

Branches:
Dungeon (5/15)
 Temple: D:4-7

Altars:
Cheibriados
Sif Muna
Uskayaw


Innate Abilities, Weirdness & Mutations

You can spit globs of acid.
Your golden yellow scales are hard. (AC +6)
You cannot fit into any form of body armour.
You are cold-blooded and may be slowed by cold attacks.
You are resistant to acid. (rCorr)


Message History

Pain shoots through your body!
* * * LOW HITPOINT WARNING * * *
The orc priest invokes the aid of Beogh against you.
Pain shoots through your body!
* * * LOW HITPOINT WARNING * * *
You take 25 damage, and have 17/70 hp.
MASSIVE DAMAGE!!
You hit the orc priest but do no damage.
The orc priest hits you but does no damage.
You barely miss the orc priest. The orc priest hits you with a +0 club.
* * * LOW HITPOINT WARNING * * *
You take 2 damage, and have 16/70 hp.
You hit the orc priest. The orc priest barely misses you.
You closely miss the orc priest.
The orc priest mumbles some strange prayers to Beogh against you.
Beogh smites you!
* * * LOW HITPOINT WARNING * * *
You take 13 damage, and have 3/70 hp.
You closely miss the orc priest. The orc priest hits you with a +0 club.
You die...

###### ..#
#........
#.######. ..#.
#.# #. ....
##########.# #.
...w.
#..........# #.
..oo.
#.########## ##
...... #.#
...o..##.#
.......#@#
......wo#.......
....$..###.#####
#..##.. .# . #
#.. . ## ... ##
. .... .. .####
#.


You could see a worm and an orc priest.

Levels and vault maps discovered:
D:1:      psy_arrival_dodecagon, layout_loops_ring, grunt_decor_fettered
D:2:      layout_basic, old_standard_altar, cheibriados_altar_1,
          minmay_misc_feat_rows
D:3:      layout_loops_corners, first_ration, uniq_ijyb, uniq_terence
D:4:      layout_loops_ring, lemuel_coloured_pillars_altar
D:5:      layout_loops_ring

Notes
Turn   | Place    | Note
-------+----------+-------------------------------------------
     0 | D:1      | lepoulpe303 the Draconian Fighter began the quest for the
                  | Orb.
     0 | D:1      | Reached XP level 1. HP: 19/19 MP: 1/1
   102 | D:1      | Identified a +0 short sword
   112 | D:1      | Reached XP level 2. HP: 12/26 MP: 2/2
   128 | D:1      | HP: 5/26 [kobold/+0 short sword (3)]
   549 | D:1      | Identified a +0 club
   704 | D:1      | Identified a +0 club
   705 | D:1      | Identified a +0 club
   814 | D:1      | Identified a +0 club
   842 | D:1      | Identified a +0 club
   943 | D:1      | Identified a cursed -3 club
  1058 | D:1      | Reached XP level 3. HP: 32/33 MP: 3/3
  1160 | D:2      | Identified a +0 club
  1173 | D:2      | Reached skill level 4 in Fighting
  1173 | D:2      | Reached skill level 3 in Dodging
  1194 | D:2      | Found a snail-covered altar of Cheibriados.
  1244 | D:2      | You fall into a shaft and drop 2 floors!
  1274 | D:4      | Noticed a scorpion
  1289 | D:4      | Killed a scorpion
  1289 | D:4      | Reached skill level 3 in Long Blades
  1289 | D:4      | Reached XP level 4. HP: 17/41 MP: 4/4
  1297 | D:4      | HP: 10/41 [poisoned by a scorpion]
  1303 | D:4      | HP: 8/41 [poisoned by a scorpion]
  1309 | D:4      | HP: 7/41 [poisoned by a scorpion]
  1317 | D:4      | HP: 6/41 [poisoned by a scorpion]
  1647 | D:4      | Reached XP level 5. HP: 15/47 MP: 5/5
  1653 | D:4      | HP: 11/47 [poisoned by a worker ant]
  1658 | D:4      | HP: 10/47 [poisoned by a worker ant]
  1665 | D:4      | HP: 9/47 [poisoned by a worker ant]
  1673 | D:4      | HP: 8/47 [poisoned by a worker ant]
  1936 | D:4      | Noticed a phantom
  1983 | D:4      | Killed a phantom
  2006 | D:4      | Found a hide-covered altar of Uskayaw.
  2014 | D:4      | Became a worshipper of Uskayaw the Reveler
  2054 | D:4      | Reached * piety under Uskayaw
  2064 | D:4      | Reached ** piety under Uskayaw
  2066 | D:4      | Reached skill level 5 in Fighting
  2066 | D:4      | Reached XP level 6. HP: 48/56 MP: 6/6
  2069 | D:4      | Identified a +0 dagger
  2069 | D:4      | Identified a cursed +0 scale mail
  2188 | D:3      | Reached skill level 4 in Long Blades
  2393 | D:2      | Identified a +0 whip
  2701 | D:2      | Found a shimmering blue altar of Sif Muna.
  2701 | D:2      | Identified a cursed +0 dagger
  2702 | D:2      | Identified a +0 whip
  2702 | D:2      | Identified a +0 club
  2727 | D:2      | Reached *** piety under Uskayaw
  3289 | D:3      | Identified a +0 club
  3289 | D:3      | Identified a +0 leather armour
  3289 | D:3      | Noticed Ijyb
  3290 | D:3      | Noticed Ijyb
  3290 | D:3      | Ijyb changed into Ijyb the worm
  3300 | D:3      | Killed Ijyb the worm
  3328 | D:3      | Identified a +0 club
  3328 | D:3      | Noticed a sky beast
  3345 | D:3      | Killed a sky beast
  3345 | D:3      | Reached skill level 4 in Shields
  3345 | D:3      | Reached skill level 1 in Invocations
  3474 | D:3      | Identified a +0 trident
  3474 | D:3      | Identified a +0 chain mail
  3474 | D:3      | Noticed Terence
  3483 | D:3      | Killed Terence
  3554 | D:3      | Identified a +0 rapier
  3751 | D:3      | Identified a +0 spear
  3753 | D:3      | Identified a +0 spear
  3755 | D:3      | Identified a +0 halberd
  3767 | D:3      | Identified a +0 whip
  3784 | D:3      | HP: 14/56 [gnoll/+0 spear (4)]
  3787 | D:3      | HP: 6/56 [gnoll/+0 spear (8)]
  3801 | D:3      | HP: 8/56 [gnoll/+0 spear (1)]
  4048 | D:3      | Your scales start taking on a golden yellow colour.
  4048 | D:3      | Reached XP level 7. HP: 25/61 MP: 8/8
  4048 | D:3      | Gained mutation: You are resistant to acid. (rCorr) [Yellow
                  | Draconian growth]
  4481 | D:3      | Identified a cursed +0 halberd
  4482 | D:3      | Identified a +0 flail
  4705 | D:3      | Identified a +0 short sword
  4848 | D:4      | Found the +4 robe of Augmentation {Str+4 Int+4 Dex+4}
  4947 | D:4      | Identified a cursed +0 giant spiked club
  4952 | D:4      | Reached skill level 2 in Invocations
  4996 | D:4      | Identified 7 scrolls of remove curse
  4997 | D:4      | Identified 2 scrolls of teleportation
  5069 | D:4      | Reached skill level 6 in Fighting
  5069 | D:4      | Reached skill level 5 in Long Blades
  5069 | D:4      | Reached skill level 4 in Dodging
  5455 | D:5      | Entered Level 5 of the Dungeon
  5876 | D:5      | Identified a +0 club
  5889 | D:5      | Reached XP level 8. HP: 59/70 MP: 8/10
  5895 | D:5      | HP: 17/70 [orc priest/nerve-wracking pain (11)]
  5899 | D:5      | HP: 3/70 [orc priest/divine providence (13)]
  5900 | D:5      | Slain by an orc priest

Table legend:
 A = Turns spent in this place as a percentage of turns spent in the entire game.
 B = Non-inter-level travel turns spent in this place as a percentage of non-inter-level travel turns spent in the entire game.
 C = Inter-level travel turns spent in this place as a percentage of turns spent in this place.
 D = Turns resting spent in this place as a percentage of non-inter-level travel turns spent in this place.
 E = Turns spent auto-exploring this place as a percentage of non-inter-level travel turns spent in this place.
 F = Non-inter-level travel turns spent in this place divided by the number of levels of this place that you've seen.
                   A       B       C       D       E      F
               +-------+-------+-------+-------+-------+----------------------
         Total | 100.0 | 100.0 |   1.3 |  21.1 |  57.4 | 1164.8
       Dungeon | 100.0 | 100.0 |   1.3 |  21.1 |  57.4 | 1164.8
               +-------+-------+-------+-------+-------+----------------------

Table legend:
 A = Kills in this place as a percentage of kills in entire the game.
 B = Kills by you in this place as a percentage of kills by you in the entire game.
 C = Kills by friends in this place as a percentage of kills by friends in the entire game.
 D = Other kills in this place as a percentage of other kills in the entire game.
 E = Experience gained in this place as a percentage of experience gained in the entire game.
 F = Experience gained in this place divided by the number of levels of this place that you have seen.
                   A       B       C       D       E      F
               +-------+-------+-------+-------+-------+----------------------
         Total | 100.0 | 100.0 |   N/A |   N/A | 100.0 | 299.6
       Dungeon | 100.0 | 100.0 |   N/A |   N/A | 100.0 | 299.6
               +-------+-------+-------+-------+-------+----------------------

Skill      XL: |  1  2  3  4  5  6  7 |
---------------+----------------------+-----
Fighting       | 4 5 6 |  6.5
Dodging        | 3 4 |  4.2
Long Blades    | 3 4 5 |  5.4
Shields        | 4 |  4.6
Invocations    | 1 2 |  2.7

Action                   |  1- 3 |  4- 6 |  7- 9 || total
-------------------------+-------+-------+-------++-------
Melee: Long sword        |   114 |   172 |   159 ||   445
       Tailslap          |    14 |    24 |    20 ||    58
Invok: Line Pass         |       |     1 |       ||     1
 Abil: Breathe Acid      |       |       |     1 ||     1
Evoke: Wand              |       |     1 |       ||     1
  Use: Scroll            |       |       |     2 ||     2
 Stab: Paralysed         |       |     2 |     1 ||     3
       Sleeping          |       |     1 |     1 ||     2
  Eat: Chunk             |     1 |     9 |     2 ||    12
       Ration            |       |       |     2 ||     2
Armor: Skin              |    27 |    46 |    29 ||   102
Dodge: Dodged            |    66 |    74 |    54 ||   194
Block: Kite shield       |    70 |    81 |    60 ||   211
       Rpst.: Long sword |    23 |    28 |    14 ||    65

Vanquished Creatures
  A sky beast (D:3)
  A necrophage (D:5)
  2 phantoms (D:4)
  An ogre (D:4)
  A scorpion (D:4)
  A howler monkey (D:4)
  2 crimson imps (D:5)
  A centaur skeleton (D:5)
  An orc priest (D:5)
  2 iguanas
  Terence (D:3)
  2 worker ants (D:4)
  11 gnolls
  6 adders
  2 oozes
  An adder skeleton (D:4)
  4 worms
  4 dart slugs
  3 leopard geckos
  3 orcs
  2 giant cockroaches
  4 goblins
  9 hobgoblins
  10 jackals
  3 kobolds
  2 quokkas
  2 ball pythons
  8 bats
  2 frilled lizards
  6 rats
98 creatures vanquished.
